 Dungeon Crawl Stone Soup version 0.29-a0-284-gf9362112df (webtiles) character file.

Game seed: 8515968979732226160

24 sammy202020 the Ducker (level 3, 0/26 HPs)
             Began as an Octopode Fighter on Mar 14, 2022.
             Slain by Natasha (8 damage)
             ... on level 2 of the Dungeon.
             The game lasted 00:01:30 (747 turns).

sammy202020 the Ducker (Octopode Fighter)            Turns: 747, Time: 00:01:30

Health: 0/26       AC:  1    Str: 15    XL:     3   Next: 2%
Magic:  3/3        EV: 13    Int: 10    God:
Gold:   56         SH:  4    Dex: 13    Spells: 2/2 levels left

rFire   . . .      SeeInvis .   a - +0 rapier
rCold   . . .      Faith    .   b - +0 buckler
rNeg    . . .      Spirit   .   (helmet restricted)
rPois   .          Reflect  .   (no amulet)
rElec   .          Harm     .   i - ring of willpower
rCorr   .          Rampage  .   (no ring)
Will    +....                   (no ring)
Stlth   +++.......              (no ring)
HPRegen 0.08/turn               (no ring)
MPRegen 0.08/turn               (no ring)
                                (no ring)
                                (no ring)

@: mighty
A: almost no armour, amphibious, 8 rings, camouflage 1, gelatinous body 1,
(nimble swimmer 1), tentacles
a: no special abilities


You were on level 2 of the Dungeon.
You visited 1 branch of the dungeon, and saw 2 of its levels.

You collected 56 gold pieces.

Inventory:

Hand Weapons
 a - a +0 rapier (weapon)
Missiles
 d - 5 datura-tipped darts (quivered)
 g - 6 poisoned darts
Armour
 b - a +0 buckler (worn)
Jewellery
 i - a ring of willpower (left tentacle)
Scrolls
 e - a scroll of immolation {unknown}
 h - 2 scrolls of vulnerability {unknown}
Potions
 c - a potion of might
 f - a potion of cancellation {unknown}
 j - a potion of haste {unknown}


   Skills:
 * Level 3.2 Fighting
 * Level 2.3 Short Blades
 * Level 3.2 Dodging
 + Level 1.1 Stealth
 * Level 3.2 Shields
 + Level 0.4 Unarmed Combat


You had 2 spell levels left.
You didn't know any spells.
Your spell library contained the following spells:

 Spells                   Type           Power      Damage    Failure   Level
 Summon Small Mammal      Summ           0%         N/A       45%         1
 Call Canine Familiar     Summ           0%         N/A       83%         3
 Summon Guardian Golem    Hex/Summ       0%         N/A       83%         3


Dungeon Overview and Level Annotations

Branches:
Dungeon (2/15)

Altars:

Annotations:
D:2 Natasha


Innate Abilities, Weirdness & Mutations

You cannot wear most types of armour.
You are amphibious.
You can wear up to eight rings at the same time.
Your skin changes colour to match your surroundings (Stealth+).
Your rubbery body absorbs attacks. (AC +1, EV +1)
((You are camouflaged when in or above water. (Stealth+)))
You have tentacles for arms and can constrict up to eight enemies at once.


Message History

The ball python hisses angrily.
The bat hits you.
You hit the bat.
You kill the bat!
The ball python bites you. The ball python misses you.
You block the ball python's attack. The ball python grabs you.
The ball python constricts you.
You barely miss the ball python. You grab the ball python.
You squeeze the ball python.
You kill the ball python!
You have reached level 3!
Your experience leads to an increase in your attributes!
Increase (S)trength, (I)ntelligence, or (D)exterity?
You feel agile. x2
You open the door.
There is an open door here.
Found a ring mail.
You see here a +0 ring mail.
Found a stone staircase leading down.
There is a stone staircase leading down here.
A kobold comes into view. It is wielding a +0 short sword.
Found a dagger.
Natasha, Servant of Life and Death comes into view.
Found 9 gold pieces.
The kobold shouts!
You completely miss the kobold. You grab the kobold. You squeeze the kobold.
The kobold is severely wounded.
You constrict the kobold.
You kill the kobold!
Natasha stares at you and mumbles some strange words.
The magic dart hits you. Natasha claws you.
You see here a +0 short sword.
You hit Natasha but do no damage. Your grab misses Natasha. Natasha claws you!
You are too injured to fight recklessly!
You are too injured to fight recklessly!
Sorry, you're not good enough to have a special ability.
You feel very mighty all of a sudden. Natasha claws you!
You die...

################
#.......@h.).$..
#.##############
#>...........
####.######## #.#
#.# ###.##########
######........†...#
#.....<......####.#


You could see Natasha.

Vanquished Creatures
  A worm (D:2)
  An endoplasm (D:1)
  A giant cockroach (D:1)
  4 goblins
  2 hobgoblins (D:1)
  2 quokkas
  3 ball pythons
  A bat (D:2)
  4 kobolds
19 creatures vanquished.

Notes
Turn   | Place    | Note
-------+----------+-------------------------------------------
     0 | D:1      | sammy202020 the Octopode Fighter began the quest for the
                  | Orb.
     0 | D:1      | Reached XP level 1. HP: 16/16 MP: 1/1
   102 | D:1      | Reached XP level 2. HP: 18/21 MP: 2/2
   494 | D:2      | Reached skill level 1 in Stealth
   649 | D:2      | Reached XP level 3. HP: 23/26 MP: 3/3
   741 | D:2      | Noticed Natasha
   747 | D:2      | Slain by Natasha

Illustrated notes

Levels and vault maps discovered:
D:1:      nicolae_arrival_washed_ashore, layout_basic,
          ebering_ecumenical_altar_box, lemuel_flame_loot_1
D:2:      layout_basic, minmay_cupped, uniq_natasha, uniq_terence

Skill      XL: |  1  2 |
---------------+-------+-----
Stealth        | 1 |  1.1
Fighting       | |  3.2
Short Blades   | |  2.3
Dodging        | |  3.2
Shields        | |  3.2
Unarmed Combat | |  0.4

Action                   || total
-------------------------++-------
Melee: Rapier            ||    34
       Tentacles         ||     6
       Constrict         ||     6
  Use: Potion            ||     1
 Stab: Sleeping          ||     5
Dodge: Dodged            ||    15
Block: Buckler           ||     7

Table legend: (Time is in decaauts)
 A = Elapsed time spent in this place.
 B = Non-inter-level travel time spent in this place.
 C = Inter-level travel time spent in this place.
 D = Time resting spent in this place.
 E = Time spent auto-exploring this place.
 F = Levels seen in this place.
 G = Mean time per level.
                   A        B        C        D        E       F      G
               +--------+--------+--------+--------+--------+-----+--------+
         Total |    750 |    750 |      0 |      0 |    574 |   2 |  375.0 |
       Dungeon |    750 |    750 |      0 |      0 |    574 |   2 |  375.0 |
               +--------+--------+--------+--------+--------+-----+--------+

Top non-repeatable levels by time:
     D:2: 410 daAuts
     D:1: 339 daAuts
